[Event "*** MasterClass Titled Tuesday Blitz"]
[Site "Chess.com"]
[Date "2017.12.12"]
[Round "4"]
[White "MartinZumsande"]
[Black "mishanick"]
[Result "1-0"]
[WhiteElo "2469"]
[BlackElo "2748"]
[TimeControl "180+2"]
[EndTime "13:57:40 PST"]
[Termination "MartinZumsande won by resignation"]

1. e4 c5 2. Nf3 d6 3. c3 Nf6 4.
h3 g6 5. Bd3 Bg7 6. Bc2 Nc6 7.
O-O O-O 8. d4 cxd4 9. cxd4 e5 10. dxe5 dxe5 11. Nc3 Be6 12. Bg5 h6 13. Qxd8 Rfxd8 14. Bxf6 Bxf6 15. Rfd1 Nd4 16. Nxd4 exd4 17. Ne2 d3 18.
Bxd3 Bxb2 19. Rab1 Bf6 20. a4 b6 21. Nf4 Ba2 22. Rb5 Bc4 23. Rbb1 Ba2 24. Rb5 Bd4 25. Nd5 a6 26. Rb4 Bc5 27. Rb2 Bxd5 28. exd5 Rxd5 29. Be2 Rxd1+ 30. Bxd1 Rd8 31. Be2 Rd4 32. Ra2 a5 33. g3 h5 34. h4 Kg7 35. Kg2 f5 36. Bb5 f4 37. Re2 Kf6 38. Kf3 Bd6 39. g4 hxg4+ 40. Kxg4 Rd1 41. Bd7 Be5 42. Bc6 Rc1 43. Bd7 Rg1+ 44.
Kf3 Rd1 45. Bc6 Rh1 46. Kg4 Rc1 47. Bd7 Rc5 48. Rd2 Kg7 49. Bb5 Rc1 50. Rd5 Kf6 51. Rd8 Rg1+ 52. Kf3 Rh1 53. Kg4 Ke7 54. Rg8 Kf7 55.
Bc4+ Kf6 56. Bd3 Rg1+ 57. Kf3 Kf7 58. Bc4+ Ke7 59. Bd3 Kf6 60. h5 g5 61. h6 Rh1 62.
h7 Kf7 63. Bg6+ Ke7 64. Ke4 Bb2 65. Kf5 f3 66. Kxg5 Rh2 67. Kf4 Bd4 68. Kxf3 Rxf2+ 69.
Ke4 Bb2 70. h8=Q Bxh8 71. Rxh8 Ra2 72. Be8 Kd6 73. Bb5 Rg2 74. Rc8 Rg4+ 75. Kf3 Rh4 76. Rc6+ Kd5 77. Rxb6 Kc5 78. Rb8 Rb4 79. Ke3 Rh4 80.
Kd3 Rh3+ 81. Kc2 Rh2+ 82. Kc3 Rh4 83. Rc8+ Kd5 84. Rc4 Rh3+ 85. Kb2 Rh2+ 86. Kb3 Rh3+ 87. Rc3 Rh4 88. Bc6+ Kd6 89. Bb5 Rb4+ 90. Ka3 Rh4 91. Rc6+ Kd5 92. Ra6 Rh3+ 93. Kb2 Kc5 94. Rxa5 Kb4 95. Ra8 Rh2+ 96. Kc1 Ra2 97. Rg8 Rh2 98.
Re8 Rh1+ 99. Kd2 Rh2+ 100. Kd3 Rh3+ 101. Kd4 Rh5 102. Re5 Rh8 103. Kd5 Rc8 104. Re7 Rc5+ 105. Kd6 Rc1 106. Rc7 Rh1 107. Kc6 Rh6+ 108. Kb7 Ka5 109. Ka7 Rg6 110. Re7 Rh6 111. Re5 Rh7+ 112. Kb8 Kb6 113. Kc8 Rc7+ 114. Kd8 Rh7 115. a5+ Kb7 116. Re7+ Kb8 117. Rxh7 1-0

[Event "*** MasterClass Titled Tuesday Blitz"]
[Site "Chess.com"]
[Date "2017.12.12"]
[Round "5"]
[White "Penguininja"]
[Black "Bryakin_Mikhail"]
[Result "1-0"]
[WhiteElo "2410"]
[BlackElo "2528"]
[TimeControl "180+2"]
[EndTime "14:00:15 PST"]
[Termination "Penguininja won by resignation"]

1. d4 d5 2. c4 c6 3. Nf3 Nf6 4. e3 a6 5. Nc3 Bf5 6. Ne5 e6 7.
g4 Bg6 8. h4 h5 9. Nxg6 fxg6 10.
Bd3 Kf7 11. g5 Nfd7 12. Qf3+ Kg8 13. Bxg6 Qe7 14. cxd5 cxd5 15. Nxd5 1-0

[Event "*** MasterClass Titled Tuesday Blitz"]
[Site "Chess.com"]
[Date "2017.12.12"]
[Round "5"]
[White "calemcc"]
[Black "MaxLeto"]
[Result "1-0"]
[WhiteElo "2281"]
[BlackElo "2388"]
[TimeControl "180+2"]
[EndTime "14:00:57 PST"]
[Termination "calemcc won by checkmate"]

1. d4 d5 2. c4 e6 3. Nc3 Nf6 4. Nf3 Be7 5. Bg5 O-O 6. e3 h6 7.
Bh4 b6 8. cxd5 Nxd5 9. Nxd5 exd5 10. Bxe7 Qxe7 11. Qc2 c6 12. Bd3 Bb7 13. Ne5 c5 14.
O-O Rc8 15. Bh7+ Kh8 16. Bg6 cxd4 17. Nxf7+ Kg8 18. Qf5 Rf8 19. Bh7# 1-0

[Event "*** MasterClass Titled Tuesday Blitz"]
[Site "Chess.com"]
[Date "2017.12.12"]
[Round "5"]
[White "Jbd735"]
[Black "ohusbands"]
[Result "1-0"]
[WhiteElo "2255"]
[BlackElo "2341"]
[TimeControl "180+2"]
[EndTime "14:02:34 PST"]
[Termination "Jbd735 won by resignation"]

1. d4 Nf6 2. Nf3 e6 3. c3 d5 4. e3 c5 5. Bd3 Bd6 6. Nbd2 O-O 7. O-O b6 8. e4 dxe4 9. Nxe4 Bb7 10. Nxd6 Qxd6 11.
dxc5 Qxc5 12. Qe2 Nbd7 13. Be3 Qc7 14. Rad1 Bxf3 15. Qxf3 Ne5 16. Qg3 Nh5 17. Qh4 Nxd3 18. Rxd3 Nf6 19. Bg5 Nd5 20. Rh3 f6 21. Qxh7+ Kf7 22.
Bh6 Ke8 23. Bxg7 Rf7 24. Qg8+ Ke7 25. Qxa8 Rxg7 26. Rh8 f5 27. Qf8+ 1-0

[Event "*** MasterClass Titled Tuesday Blitz"]
[Site "Chess.com"]
[Date "2017.12.12"]
[Round "5"]
[White "Oleksandr_Bortnyk"]
[Black "robbykevlishvili"]
[Result "1-0"]
[WhiteElo "2813"]
[BlackElo "2463"]
[TimeControl "180+2"]
[EndTime "14:02:54 PST"]
[Termination "Oleksandr_Bortnyk won by checkmate"]

1. e4 e5 2. Nf3 Nc6 3. Bb5 a6 4. Ba4 Nf6 5. Qe2 b5 6. Bb3 Be7 7. O-O O-O 8. c3 d6 9. h3 Na5 10. Bc2 c5 11. d3 h6 12. Rd1 Qc7 13. Nbd2 Re8 14. Nf1 Bf8 15. g4 g6 16. Ng3 Bg7 17.
a3 Nc6 18. Be3 Nd8 19. Qd2 Kh7 20. Kh1 d5 21. g5 hxg5 22. Bxg5 d4 23. Kg2 Ne6 24.
Bb3 Kg8 25. h4 Nh7 26. Bxe6 Bxe6 27. h5 Bg4 28. Rh1 Nf8 29. h6 Bh8 30. h7+ Nxh7 31. Rxh7 Bxf3+ 32. Kxf3 Kxh7 33. Rh1+ Kg8 34. Rxh8+ Kxh8 35. Bf6+ Kh7 36. Nf5 gxf5 37. Qg5 fxe4+ 38. dxe4 Rg8 39.
Qh5# 1-0

[Event "*** MasterClass Titled Tuesday Blitz"]
[Site "Chess.com"]
[Date "2017.12.12"]
[Round "5"]
[White "chesstatour"]
[Black "johannesh"]
[Result "0-1"]
[WhiteElo "1989"]
[BlackElo "2305"]
[TimeControl "180+2"]
[EndTime "14:03:12 PST"]
[Termination "johannesh won by resignation"]

1. c4 e5 2. Nc3 Bb4 3. Nf3 Bxc3 4.
bxc3 d6 5. g3 Nc6 6. Bg2 Nge7 7.
d3 h6 8. O-O Be6 9. Rb1 b6 10.
Ne1 Qd7 11. Nc2 Bh3 12. Ne3 Bxg2 13. Kxg2 O-O 14. Nd5 Nxd5 15. cxd5 Ne7 16. c4 f5 17. f4 Ng6 18. e4 Rae8 19. Qh5 Qf7 20. fxe5 Nf4+ 0-1

[Event "*** MasterClass Titled Tuesday Blitz"]
[Site "Chess.com"]
[Date "2017.12.12"]
[Round "5"]
[White "StoreySniper"]
[Black "liquormark"]
[Result "1-0"]
[WhiteElo "2291"]
[BlackElo "2001"]
[TimeControl "180+2"]
[EndTime "14:03:12 PST"]
[Termination "StoreySniper won by resignation"]

1. d4 Nf6 2. c3 g6 3. Nf3 Bg7 4.
e3 d6 5. Nbd2 O-O 6. Bd3 Nbd7 7.
Qc2 c5 8. O-O b6 9. Re1 Bb7 10. e4 cxd4 11. Nxd4 Ne5 12. Bf1 Qc8 13. f4 Nc6 14. N4f3 Ba6 15. c4 e5 16. Nb3 Rd8 17.
fxe5 dxe5 18. Bg5 Qg4 19. h3 Qe6 20. c5 Rac8 21. Bxa6 Nb4 22. Qe2 Nxa6 23. Qxa6 h6 24. Bxf6 Qxf6 25. Rad1 Qf4 26. cxb6 axb6 27. Rxd8+ Rxd8 28.
Qxb6 1-0

[Event "*** MasterClass Titled Tuesday Blitz"]
[Site "Chess.com"]
[Date "2017.12.12"]
[Round "5"]
[White "aa175"]
[Black "twitchTriniCupid"]
[Result "1-0"]
[WhiteElo "1903"]
[BlackElo "2219"]
[TimeControl "180+2"]
[EndTime "14:03:35 PST"]
[Termination "aa175 won by resignation"]

1. e4 c6 2. d4 d5 3. Nc3 dxe4 4. Nxe4 Bf5 5. Ng3 Bg6 6. h4 h6 7. Nf3 Nd7 8. h5 Bh7 9. Bd3 Bxd3 10. Qxd3 e6 11.
Bd2 Ngf6 12. O-O-O Be7 13. Kb1 O-O 14. Ne4 Nxe4 15.
Qxe4 Nf6 16. Qe2 Qd5 17. Ne5 c5 18. dxc5 Qxc5 19. Rh3 Rfd8 20. Nd3 Qf5 21. Rg3 Nxh5 22. Rf3 Qb5 23. Rxf7 Bf6 24. Qxe6 Qd5 25. Rf8+ Kxf8 26. Bb4+ 1-0

[Event "*** MasterClass Titled Tuesday Blitz"]
[Site "Chess.com"]
[Date "2017.12.12"]
[Round "5"]
[White "bascheyaro"]
[Black "MITerryble"]
[Result "0-1"]
[WhiteElo "2631"]
[BlackElo "2664"]
[TimeControl "180+2"]
[EndTime "14:03:41 PST"]
[Termination "MITerryble won by checkmate"]

1. d4 e6 2. c4 Bb4+ 3. Bd2 Qe7 4. Nf3 Nf6 5. e3 O-O 6. Bd3 Bxd2+ 7. Qxd2 d6 8. Nc3 e5 9. Bc2 Bg4 10. h3 Bxf3 11.
gxf3 Nc6 12. d5 Nb4 13. O-O-O Nxc2 14. Qxc2 Nd7 15. h4 Kh8 16. h5 Nc5 17. Qf5 Qd7 18. Qg5 f6 19. Qg3 a6 20. Rdg1 b5 21. Rh4 f5 22.
cxb5 axb5 23. Kb1 Rab8 24. a3 Rf7 25. Na2 f4 26. exf4 Qf5+ 27. Kc1 exf4 28. Qg5 Nb3+ 29. Kd1 Qd3+ 30. Ke1 Re8+ 31. Qe5 Rxe5# 0-1

[Event "*** MasterClass Titled Tuesday Blitz"]
[Site "Chess.com"]
[Date "2017.12.12"]
[Round "5"]
[White "truki"]
[Black "gemarin"]
[Result "1-0"]
[WhiteElo "2214"]
[BlackElo "1844"]
[TimeControl "180+2"]
[EndTime "14:03:43 PST"]
[Termination "truki won by resignation"]

1. d4 d5 2. c4 c6 3. Nf3 Nf6 4. Qc2 Bg4 5. Ne5 Bh5 6. Bf4 e6 7. e3 Be7 8. Nc3 Nbd7 9. Qb3 Qb6 10. c5 Qxb3 11. axb3 Nxe5 12. Bxe5 O-O 13. b4 Nd7 14. Bg3 a6 15. f4 f6 16. Bd3 Rae8 17. Kd2 Bd8 18.
e4 Bc7 19. Rae1 dxe4 20. Bxe4 e5 21. fxe5 fxe5 22. d5 Nf6 23. d6 Bd8 24. Rhf1 a5 25. bxa5 Bxa5 26. Kd3 Nd5 27. Nxd5 Bxe1 28. Rxe1 cxd5 29.
Bxd5+ Bf7 30. Bxb7 Rb8 31. c6 Bg6+ 32. Kc4 e4 33. d7 Rbd8 34. Bh4 Rb8 35. d8=Q Rfxd8 36. Bxd8 Rxd8 37. c7 Bf7+ 38. Kc5 Re8 39. c8=Q Rxc8+ 40. Bxc8 1-0

[Event "*** MasterClass Titled Tuesday Blitz"]
[Site "Chess.com"]
[Date "2017.12.12"]
[Round "5"]
[White "TheLancer"]
[Black "A-Fier"]
[Result "0-1"]
[WhiteElo "2471"]
[BlackElo "2636"]
[TimeControl "180+2"]
[EndTime "14:04:01 PST"]
[Termination "A-Fier won by resignation"]

1. e4 c6 2. d4 d5 3. Nc3 dxe4 4. Nxe4 Nd7 5. Ng5 Ngf6 6. Bc4 e6 7. N1f3 Nb6 8. Bd3 c5 9. dxc5 Bxc5 10. Qe2 h6 11. Ne4 Bb4+ 12. c3 Be7 13. O-O Nbd7 14. Rd1 Qc7 15. Nd4 a6 16. Ng3 O-O 17. Nxe6 fxe6 18. Qxe6+ Rf7 19. Bc2 Nc5 20. Qe2 Bg4 21. f3 Bd7 22. Be3 Bb5 23. c4 Bc6 24. Rac1 Ncd7 25. a3 Re8 26. Qf2 Ng4 27. fxg4 Rxf2 28. Bxf2 Bc5 29. Bxc5 Nxc5 30. b4 Ne4 31. Nf5 Qf4 32. Rf1 Qxg4 33. h3 Qg5 34. h4 Qd2 35. Rfd1 0-1

[Event "*** MasterClass Titled Tuesday Blitz"]
[Site "Chess.com"]
[Date "2017.12.12"]
[Round "5"]
[White "Salem-AR"]
[Black "GMHess"]
[Result "1-0"]
[WhiteElo "2827"]
[BlackElo "2582"]
[TimeControl "180+2"]
[EndTime "14:04:22 PST"]
[Termination "Salem-AR won by resignation"]

1. Nf3 Nf6 2. c4 e6 3. d4 d5 4. Nc3 Be7 5. g3 O-O 6. Bg2 dxc4 7. O-O Nc6 8. e4 Rb8 9. a3 Na5 10. Bf4 b5 11. Qe2 Ba6 12. Rfe1 Nb3 13. Rad1 b4 14. axb4 Bxb4 15. Bg5 h6 16. Bh4 Be7 17. d5 exd5 18. Nxd5 Nxd5 19. Rxd5 Bxh4 20. Rxd8 Bxd8 21. Ne5 Bf6 22.
Nd7 Bd4 23. e5 Rbe8 24. Bd5 Re7 25. Nxf8 Rxe5 26. Qxe5 Bxe5 27. Ng6 Bxb2 28. Re8+ Kh7 29. Bxf7 1-0

[Event "*** MasterClass Titled Tuesday Blitz"]
[Site "Chess.com"]
[Date "2017.12.12"]
[Round "5"]
[White "visa"]
[Black "sandager"]
[Result "1-0"]
[WhiteElo "2098"]
[BlackElo "1957"]
[TimeControl "180+2"]
[EndTime "14:04:40 PST"]
[Termination "visa won on time"]

1. e4 e5 2. d4 exd4 3. Qxd4 Nc6 4. Qe3 Nf6 5. Bd2 Bb4 6. Nc3 O-O 7. O-O-O d6 8. Qg3 Re8 9. f3 Be6 10. Nge2 Kh8 11.
Bg5 Ne5 12. f4 Ng6 13. f5 Bxf5 14. exf5 Ne5 15. Nd5 Bc5 16. Qh4 Ned7 17. Rd3 c6 18. Nxf6 gxf6 19. Rh3 Kg8 20. Qxh7+ Kf8 21. Bh6+ Ke7 22.
Bg7 Qa5 23. Nc3 Bd4 24. Bc4 Ne5 25. Bb3 d5 26. Qh4 1-0

[Event "*** MasterClass Titled Tuesday Blitz"]
[Site "Chess.com"]
[Date "2017.12.12"]
[Round "5"]
[White "Swarajan"]
[Black "Enzy63"]
[Result "0-1"]
[WhiteElo "2074"]
[BlackElo "2067"]
[TimeControl "180+2"]
[EndTime "14:04:57 PST"]
[Termination "Enzy63 won by resignation"]

1. d4 Nf6 2. c4 g6 3. Nc3 Bg7 4. e4 d6 5. Nf3 O-O 6. Be2 Nbd7 7.
O-O e5 8. Be3 Qe7 9. d5 c5 10.
dxc6 bxc6 11. Qd2 Nc5 12. Bd3 Rb8 13. Bxc5 dxc5 14. b3 Nh5 15. Ne2 Bg4 16. Qe3 f5 17. Ne1 f4 18. Qd2 f3 19. Ng3 fxg2 20. Nxg2 Nf4 21.
Bc2 Bf3 22. Nxf4 exf4 23. Rae1 fxg3 24. hxg3 Rbd8 25. Qc1 Bd4 26. Bd1 Qe5 27. Bxf3 Qxg3+ 0-1

[Event "*** MasterClass Titled Tuesday Blitz"]
[Site "Chess.com"]
[Date "2017.12.12"]
[Round "5"]
[White "windking123"]
[Black "champ1000"]
[Result "0-1"]
[WhiteElo "2373"]
[BlackElo "2268"]
[TimeControl "180+2"]
[EndTime "14:05:09 PST"]
[Termination "champ1000 won by resignation"]

1. e4 c5 2. d4 cxd4 3. c3 d3 4. Bxd3 Nc6 5. Nf3 g6 6. O-O Bg7 7. Qe2 d6 8. Rd1 Bd7 9. c4 Nf6 10. Nc3 O-O 11. Bf4 Rc8 12. Rac1 Bg4 13. Qe3 Nd7 14.
h3 Bxf3 15. Qxf3 Nce5 16. Qe2 Nxd3 17. Qxd3 Ne5 18. Bxe5 Bxe5 19. b3 a6 20. a4 Re8 21.
Nd5 h5 22. f4 Bg7 23. f5 e6 24. fxg6 fxg6 25. Nf4 Qg5 26. Qxd6 Be5 27. Nxe6 Qxc1 28. Qd5 Qe3+ 29. Kh1 Qg3 30. Ng5+ Kg7 31. Qf7+ Kh6 32. Nf3 Rf8 33. Qe6 Rxf3 0-1

[Event "*** MasterClass Titled Tuesday Blitz"]
[Site "Chess.com"]
[Date "2017.12.12"]
[Round "5"]
[White "Yaacovn"]
[Black "MartinZumsande"]
[Result "1-0"]
[WhiteElo "2646"]
[BlackElo "2465"]
[TimeControl "180+2"]
[EndTime "14:05:26 PST"]
[Termination "Yaacovn won by resignation"]

1. d4 d5 2. Nf3 Nf6 3. c4 e6 4.
Bg5 Be7 5. e3 h6 6. Bh4 O-O 7.
Nc3 b6 8. Rc1 Bb7 9. cxd5 Nxd5 10. Nxd5 Bxd5 11. Bxe7 Qxe7 12. Bc4 Bb7 13. O-O Nd7 14.
Bb5 Rac8 15. Bc6 Bxc6 16. Rxc6 Nb8 17. Rc3 c5 18. Qc2 Nd7 19. b4 e5 20. Rc1 exd4 21.
exd4 Rc6 22. dxc5 bxc5 23. Nd4 Rg6 24. bxc5 Rc8 25. g3 Ne5 26. Re3 Qf6 27. Qf5 Qxf5 28. Nxf5 Re6 29. Nd4 Ng4 30. Nxe6 Nxe3 31. Nxg7 Nd5 32.
Nf5 Nb4 33. Ne7+ 1-0

[Event "*** MasterClass Titled Tuesday Blitz"]
[Site "Chess.com"]
[Date "2017.12.12"]
[Round "5"]
[White "Blitzstream"]
[Black "juniortay"]
[Result "1-0"]
[WhiteElo "2493"]
[BlackElo "2321"]
[TimeControl "180+2"]
[EndTime "14:05:36 PST"]
[Termination "Blitzstream won by resignation"]

1. d4 Nf6 2. Bg5 Ne4 3. Bh4 c5 4. f3 g5 5. fxe4 gxh4 6. e3 Bg7 7. Nf3 Nc6 8. c3 Qb6 9. Qb3 Qa5 10. Nbd2 cxd4 11. exd4 Qh5 12. O-O-O O-O 13. Bd3 d6 14. Rdf1 Rb8 15. Qd5 Qh6 16. g3 Bh3 17. Rf2 Qe3 18.
Bf1 Qxf2 19. Bxh3 Bh6 20. Qh5 Bxd2+ 21. Nxd2 Qf6 22. Rf1 Qg7 23. Qxh4 e6 24. Rf4 Ne7 25. Qxe7 Kh8 26. Qh4 Rbd8 27. Rg4 1-0

[Event "*** MasterClass Titled Tuesday Blitz"]
[Site "Chess.com"]
[Date "2017.12.12"]
[Round "5"]
[White "JSMastropiero"]
[Black "Alex_Banzea"]
[Result "0-1"]
[WhiteElo "2309"]
[BlackElo "2237"]
[TimeControl "180+2"]
[EndTime "14:05:39 PST"]
[Termination "Alex_Banzea won by checkmate"]

1. d4 Nf6 2. c4 e6 3. g3 c5 4. Nf3 cxd4 5. Nxd4 d5 6. Bg2 e5 7. Nf3 d4 8. O-O Nc6 9. e3 Be7 10. exd4 exd4 11. Bf4 Be6 12. Nbd2 O-O 13. Ne5 Rc8 14.
Nxc6 bxc6 15. Qa4 Qb6 16. Nb3 c5 17. Bd2 Rfe8 18. Rfe1 h6 19. Ba5 Qd6 20. Nc1 Bf5 21. Qd1 Nd7 22. Nd3 Bf6 23. Bd5 g6 24. Qf3 h5 25.
Bd2 Ne5 26. Nxe5 Bxe5 27. h3 Qd7 28. Bf4 Bxf4 29. Qxf4 Bxh3 30. Qf6 Be6 31. Be4 Qd8 32. Qf4 Bxc4 33. Qh6 Qf6 34. b3 Be6 35. Kg2 c4 36.
bxc4 Bxc4 37. Rad1 Rxe4 38. Rxe4 Bd5 39. f3 Bxe4 40. fxe4 Rc2+ 41. Kh3 Qe6+ 42. Kh4 Qg4# 0-1

[Event "*** MasterClass Titled Tuesday Blitz"]
[Site "Chess.com"]
[Date "2017.12.12"]
[Round "5"]
[White "jposthuma"]
[Black "sandromareco"]
[Result "0-1"]
[WhiteElo "2324"]
[BlackElo "2632"]
[TimeControl "180+2"]
[EndTime "14:05:41 PST"]
[Termination "sandromareco won on time"]

1. d4 Nf6 2. c4 e6 3. g3 Bb4+ 4.
Nd2 d5 5. Bg2 O-O 6. Nf3 dxc4 7. O-O b5 8. a4 c6 9. Qc2 a5 10. e4 Nbd7 11. e5 Nd5 12. Ne4 f5 13. exf6 N7xf6 14. Ne5 Qb6 15. Nxf6+ gxf6 16. Ng6 Rf7 17.
Bh6 Bd6 18. Bxd5 cxd5 19. Rfe1 Qxd4 20. Rad1 Qb6 21. Rxd5 f5 22. Rxb5 Qc6 23. Ne5 Bxe5 24. Rexe5 Bb7 25. Rxb7 Qxb7 26. Rxe6 Rd8 27. Qe2 Qd7 28.
Kg2 Qd5+ 29. Kh3 Qd7 30. f4 Rc8 31. Qe5 Qxa4 32. Re7 Qc6 33. Rxf7 Qxh6+ 34. Kg2 Qc6+ 35. Kh3 Kxf7 36. Qxf5+ Kg8 37. Qg4+ Kh8 38. f5 Qf6 39. Qf4 Qxb2 40. f6 Rf8 41. Qxc4 Qxf6 42. g4 Qf1+ 43.
Qxf1 Rxf1 0-1

[Event "*** MasterClass Titled Tuesday Blitz"]
[Site "Chess.com"]
[Date "2017.12.12"]
[Round "5"]
[White "kereswasbest"]
[Black "FearNoEvil12"]
[Result "0-1"]
[WhiteElo "2213"]
[BlackElo "2061"]
[TimeControl "180+2"]
[EndTime "14:05:44 PST"]
[Termination "FearNoEvil12 won by resignation"]

1. e4 a6 2. d4 b5 3. a4 b4 4. c4 bxc3 5. Nxc3 Bb7 6. Bc4 e6 7. Qb3 Nc6 8. d5 Na5 9. Qa2 Nf6 10. Bg5 Be7 11. Bxf6 Bxf6 12. Nge2 O-O 13. Bd3 Bxc3+ 14.
Nxc3 exd5 15. exd5 Re8+ 16. Kf1 Qh4 17. h3 Qb4 18. Rd1 Nb3 19. Kg1 Nc5 20. Bc2 Re5 21. Qb1 Rae8 22. Bxh7+ Kh8 23. Bc2 c6 24. d6 Ne6 25.
Qc1 c5 26. Kh2 Rg5 27. f3 Nf4 28. Rhg1 f6 29. Be4 Bxe4 30. Nxe4 Ne2 31. Qd2 Rxe4 32. fxe4 Qxe4 33. Rde1 Qe5+ 34. g3 Rxg3 35. Rxe2 Re3+ 36.
Kh1 Rxe2 37. Rg2 Rxd2 0-1

[Event "*** MasterClass Titled Tuesday Blitz"]
[Site "Chess.com"]
[Date "2017.12.12"]
[Round "5"]
[White "Vamostodorecto"]
[Black "ChainsOfFantasia"]
[Result "1-0"]
[WhiteElo "2336"]
[BlackElo "2467"]
[TimeControl "180+2"]
[EndTime "14:05:52 PST"]
[Termination "Vamostodorecto won by checkmate"]

1. d4 Nf6 2. c4 e6 3. Nc3 d5 4. cxd5 Nxd5 5. e4 Nxc3 6. bxc3 c5 7. Nf3 cxd4 8. cxd4 Bb4+ 9. Bd2 Bxd2+ 10. Qxd2 O-O 11. e5 b6 12. Be2 Ba6 13. O-O Qd7 14. Rad1 Rd8 15. Ng5 Bxe2 16. Qxe2 Nc6 17. Qe4 g6 18.
Qh4 h5 19. Ne4 Kg7 20. Nf6 Qb7 21. Qg5 Rh8 22. f4 Ne7 23. d5 Nxd5 24. f5 Rad8 25. fxg6 fxg6 26. Nxh5+ Rxh5 27. Qxd8 Rf5 28. Rxf5 gxf5 29.
Qg5+ Kf7 30. h4 Qa6 31. Rxd5 exd5 32. Qxf5+ Kg7 33. Qf6+ Kh7 34. e6 Qe2 35. e7 Qe1+ 36. Kh2 d4 37. Qf7+ Kh6 38. e8=Q Qxh4+ 39. Kg1 Qg5 40.
Qh8# 1-0

[Event "*** MasterClass Titled Tuesday Blitz"]
[Site "Chess.com"]
[Date "2017.12.12"]
[Round "5"]
[White "AkshatChandra"]
[Black "Apocalyps999"]
[Result "1-0"]
[WhiteElo "2720"]
[BlackElo "2413"]
[TimeControl "180+2"]
[EndTime "14:05:57 PST"]
[Termination "AkshatChandra won on time"]

1. c4 c6 2. Nf3 d5 3. d4 Nf6 4. Nc3 e6 5. Bg5 dxc4 6. a4 c5 7. e3 Nc6 8. Bxc4 cxd4 9. exd4 Be7 10. O-O O-O 11. Qe2 b6 12. Rad1 Bb7 13. d5 Nxd5 14.
Bxd5 exd5 15. Rxd5 Qc8 16. Bxe7 Nxe7 17. Qxe7 Bxd5 18.
Nxd5 Qc2 19. Qb4 Rad8 20. Ne3 Qe2 21. h3 Rfe8 22. Nf5 Re4 23. Qc3 f6 24. Ng3 Qc4 25. Nxe4 Qxe4 26. Qc7 Ra8 27. b3 Qb4 28. Qb7 Re8 29.
Qd5+ Kh8 30. Rd1 Qc3 31. Qf7 Rg8 32. Rd4 1-0

[Event "*** MasterClass Titled Tuesday Blitz"]
[Site "Chess.com"]
[Date "2017.12.12"]
[Round "5"]
[White "toad"]
[Black "goldenspine"]
[Result "0-1"]
[WhiteElo "2187"]
[BlackElo "2288"]
[TimeControl "180+2"]
[EndTime "14:06:00 PST"]
[Termination "goldenspine won by resignation"]

1. d4 Nf6 2. c4 g6 3. g3 Bg7 4. Bg2 d5 5. cxd5 Nxd5 6. Nf3 O-O 7. O-O c5 8. dxc5 Nb4 9. Nc3 Qa5 10. Be3 Rd8 11.
Qb3 Be6 12. Qa4 Qxa4 13. Nxa4 Nc2 14. Rad1 Na6 15. Bg5 f6 16. Bc1 Bxa2 17. Nd2 Rab8 18. b3 Nd4 19. Ba3 e6 20. e3 Nxb3 21. Ne4 Na5 22. Nac3 Bb3 23. Rb1 Bc2 24. Rb2 Bd3 25.
Rd1 Nc4 26. Ra2 f5 27. Nd6 Nxa3 28. Rxa3 Nxc5 29. Ndb5 a6 30. Nd4 b5 31. Nce2 Bc4 32.
Rb1 Rd6 33. Nc6 Rb6 34. Na5 Bxe2 0-1

[Event "*** MasterClass Titled Tuesday Blitz"]
[Site "Chess.com"]
[Date "2017.12.12"]
[Round "5"]
[White "walkingcreep"]
[Black "DrVelja"]
[Result "0-1"]
[WhiteElo "2395"]
[BlackElo "2542"]
[TimeControl "180+2"]
[EndTime "14:06:02 PST"]
[Termination "DrVelja won by checkmate"]

1. Nf3 Nf6 2. g3 g6 3. Bg2 Bg7 4. O-O O-O 5. d3 d6 6. e4 c5 7.
Nc3 Nc6 8. Bf4 Nd7 9. Qd2 Rb8 10. a4 e5 11. Bh6 f5 12. Bxg7 Kxg7 13. exf5 gxf5 14.
Nh4 f4 15. Rae1 Nf6 16. Ne4 Nxe4 17. dxe4 Kh8 18. c3 Qe7 19. Rd1 Rf6 20. Nf5 Bxf5 21.
exf5 Rd8 22. Be4 Qg7 23. Qe2 Ne7 24. Rd2 Nxf5 25. Rfd1 Ne7 26. Bxb7 Qh6 27. Be4 Rdf8 28. f3 fxg3 29. hxg3 Qg5 30. Kg2 d5 31. Bxd5 Nf5 32. Qe4 Qxg3+ 33. Kf1 Nh4 34. Ke2 Nxf3 35. Rh1 Qg2+ 36.
Ke3 Qxd2# 0-1

[Event "*** MasterClass Titled Tuesday Blitz"]
[Site "Chess.com"]
[Date "2017.12.12"]
[Round "5"]
[White "gmcorrales"]
[Black "FMJoseHerrera"]
[Result "1-0"]
[WhiteElo "2615"]
[BlackElo "2431"]
[TimeControl "180+2"]
[EndTime "14:06:06 PST"]
[Termination "gmcorrales won by checkmate"]

1. d4 Nf6 2. c4 c5 3. d5 b5 4.
cxb5 a6 5. bxa6 g6 6. Nc3 Bg7 7. Nf3 O-O 8. g3 d6 9. Bg2 Bxa6 10. O-O Nbd7 11. Rb1 Qc7 12. b3 Rfb8 13. Nd2 Ne5 14. Re1 h5 15. Bb2 h4 16. Nde4 hxg3 17.
hxg3 Nfg4 18. Qd2 Qd7 19. f4 Bh6 20. e3 Nd3 21. Red1 Nxb2 22. Rxb2 Bg7 23. Bh3 f5 24. Bxg4 fxg4 25. Nf2 c4 26. b4 Bb7 27. e4 Ra3 28. Rc1 Rba8 29. b5 Qc7 30. Kg2 Qc5 31. b6 Qd4 32.
Qxd4 Bxd4 33. Rbc2 Bxb6 34. Nxg4 Bd4 35. Nb5 Rd3 36. Rxc4 Rxa2+ 37. Kh3 Bc5 38. R4c2 Ra5 39. Rb1 Ba6 40. Nc7 Bc8 41. Rb8 Raa3 42. Rxc8+ Kf7 43. Rg2 Ra1 44. Ne6 Rh1+ 45. Rh2 Rg1 46. Rf8# 1-0

[Event "*** MasterClass Titled Tuesday Blitz"]
[Site "Chess.com"]
[Date "2017.12.12"]
[Round "5"]
[White "Konavets"]
[Black "GMBenjaminBok"]
[Result "0-1"]
[WhiteElo "2760"]
[BlackElo "2619"]
[TimeControl "180+2"]
[EndTime "14:06:07 PST"]
[Termination "GMBenjaminBok won by resignation"]

1. e4 e5 2. Nf3 Nc6 3. Bc4 Bc5 4. O-O Nf6 5. Re1 O-O 6. a4 d6 7. c3 a5 8. d3 Be6 9. Nbd2 h6 10. h3 Ba7 11. Qb3 Rb8 12. Bxe6 fxe6 13. Qxe6+ Kh7 14. Nc4 Re8 15. Qf5+ g6 16. Ng5+ hxg5 17. Qxg5 Rf8 18. Qh6+ Kg8 19. Qxg6+ Kh8 20. Be3 Bxe3 21. Nxe3 Nh7 22.
g3 Ne7 23. Qh5 Qd7 24. h4 Rg8 25. Rad1 Rbf8 26. d4 exd4 27. Rxd4 Qh3 28. e5 Rxg3+ 29. fxg3 Qxg3+ 30. Ng2 Rf2 31. Qe8+ Ng8 32. Qxg8+ Kxg8 33. Rg4+ Qxg4 34. Kxf2 dxe5 35. Rxe5 Qxa4 36. Ne3 Qxh4+ 37. Kg2 Qf4 38. Re8+ Kf7 39. Re7+ Kg8 40. Re8+ Nf8 41.
c4 c6 42. b3 Kf7 0-1

[Event "*** MasterClass Titled Tuesday Blitz"]
[Site "Chess.com"]
[Date "2017.12.12"]
[Round "5"]
[White "Fighterman91"]
[Black "Tash_Boy"]
[Result "1-0"]
[WhiteElo "2501"]
[BlackElo "2455"]
[TimeControl "180+2"]
[EndTime "14:06:08 PST"]
[Termination "Fighterman91 won by checkmate"]

1. e4 c5 2. Nf3 d6 3. d4 Nf6 4.
Nc3 cxd4 5. Nxd4 e5 6. Bb5+ Nbd7 7. Nf5 a6 8. Ba4 b5 9. Bb3 Nb6 10. Bg5 Bxf5 11. exf5 Be7 12. O-O O-O 13. Bxf6 Bxf6 14.
a4 b4 15. Nd5 Re8 16. a5 Nxd5 17. Qxd5 Ra7 18. Rfe1 h6 19. Re4 Rc7 20. Rxb4 Qc8 21. Rc4 Rxc4 22. Bxc4 Re7 23. c3 e4 24. Re1 Re5 25. Qxf7+ Kh8 26. Be6 Qb8 27. g3 Qa8 28. b4 Kh7 29. Qg6+ Kh8 30. Qf7 Kh7 31. c4 Qd8 32.
Bd5 Qb8 33. b5 axb5 34. cxb5 Kh8 35. b6 Re7 36. Qg6 Bc3 37. f6 Bxf6 38. Rxe4 Rxe4 39. Bxe4 Kg8 40. Bd5+ Kf8 41. Qf7# 1-0